 Dungeon Crawl Stone Soup version 0.32-a0-799-g95e1662365 (webtiles) character file.

Game seed: 3030215073751314256

28259 Herkes the Slayer (level 13, -7/145 HPs)
             Began as a Minotaur Fighter on Mar 22, 2024.
             Was a High Priest of Lugonu.
             Mangled by a komodo dragon (10 damage)
             ... on level 1 of the Lair of Beasts.
             The game lasted 00:17:51 (18804 turns).

Herkes the Slayer (Minotaur Fighter)               Turns: 18804, Time: 00:17:51

Health: -7/145     AC: 14    Str: 36    XL:     13   Next: 8%
Magic:  25/25      EV:  8    Int:  5    God:    Lugonu [*****.]
Gold:   1158       SH:  9    Dex: 12    Spells: 12/12 levels left

rFire   . . .        h - +10 trident "Suji" {pain, MP+9 Str+4 Dex+2}
rCold   . . .        c - +0 buckler
rNeg    . . .        O - +1 chain mail {rPois}
rPois   +            (helmet restricted)
rElec   .            (no cloak)
rCorr   .            (no gloves)
SInv    .            q - +1 pair of boots
Will    +....        E - amulet of reflection Stlth
                     y - +6 ring of strength
HPRegen 0.44/turn    G - ring of willpower
MPRegen 0.19/turn

%: reflection
@: lethally poisoned (-7 -> -19), about to teleport
A: horns 2, retaliatory headbutt
a: Renounce Religion, Depart the Abyss, Banish, Corrupt, Enter the Abyss


You were on level 1 of the Lair of Beasts.
You worshipped Lugonu.
Lugonu was extremely pleased with you.
You visited 4 branches of the dungeon, and saw 17 of its levels.
You also visited: Sewer.

You collected 1158 gold pieces.

Inventory:

Hand Weapons
 a - a +1 war axe
 h - the +10 trident "Suji" (weapon) {pain, MP+9 Str+4 Dex+2}
   (You found it on level 6 of the Dungeon)

   Str+4:     It affects your strength (+4).
   Dex+2:     It affects your dexterity (+2).
   MP+9:      It affects your magic capacity (+9).
 P - a +1 morningstar of holy wrath
Missiles
 r - 44 poisoned darts (quivered)
 x - 8 javelins
 B - 9 boomerangs
 H - a throwing net
 K - 7 curare-tipped darts
Armour
 b - a +0 scale mail
 c - a +0 buckler (worn)
 l - a +0 plate armour
 q - a +1 pair of boots (worn)
 O - a +1 chain mail of poison resistance (worn)
Jewellery
 e - a ring of resist corrosion
 w - an amulet of magic regeneration
 y - a +6 ring of strength (left hand)
 E - an amulet of reflection (around neck)
 G - a ring of willpower (right hand)
Wands
 g - a wand of paralysis (12)
 p - a wand of roots (19)
 R - a wand of polymorph (3)
Scrolls
 f - 3 scrolls of noise
 i - 11 scrolls of identify
 j - 8 scrolls of teleportation
 k - 7 scrolls of amnesia
 n - a scroll of blinking
 s - a scroll of poison
 t - 2 scrolls of revelation
 u - a scroll of enchant weapon
 v - a scroll of silence
 z - 2 scrolls of fog
 D - 3 scrolls of immolation
 M - a scroll of vulnerability
 N - a scroll of brand weapon {unknown}
Potions
 d - 3 potions of might
 m - 2 potions of heal wounds {unknown}
 o - 3 potions of attraction {unknown}
 A - 2 potions of enlightenment
 C - a potion of mutation {unknown}
 F - a potion of haste {unknown}
 I - a potion of experience {unknown}
 J - a potion of magic {unknown}
 L - a potion of cancellation {unknown}
 Q - a potion of lignification {unknown}
 S - a potion of brilliance {unknown}


   Skills:
 + Level 21.7 Fighting
 - Level 10.7 Axes
 - Level 8.0 Armour
 - Level 4.0 Shields
 - Level 6.0 Invocations


You had 12 spell levels left.
You didn't know any spells.
Your spell library contained the following spells:

 Spells                   Type           Power      Damage    Failure   Level
 Blink                    Tloc           0%         N/A       95%         2
 Lesser Beckoning         Tloc           0%         N/A       95%         2
 Momentum Strike          Conj/Tloc      0%         3d8       95%         2
 Dazzling Flash           Conj/Hex       0%         N/A       99%         3
 Summon Forest            Summ/Tloc      0%         N/A       100%        5
 Eringya's Noxious Bog    Alch           0%         4d6       100%        6
 Starburst                Conj/Fire      0%         6d3       100%        6
 Malign Gateway           Summ/Tloc      0%         N/A       100%        7
 Summon Hydra             Summ           0%         N/A       100%        7
 Maxwell's Capacitive Co  Air            0%         ∞         100%        8
 Summon Horrible Things   Summ           0%         N/A       100%        8


Dungeon Overview and Level Annotations

Branches:
Dungeon (13/15)            Temple (1/1) D:5            Lair (1/5) D:8
    Orc (2/2) D:9           Sewer (visited)
    Elf: Orc:2       Vaults: D:13-14

Altars:
Ashenzari
Cheibriados
Dithmenos
Elyvilon
Fedhas
Gozag
Hepliaklqana
Kikubaaqudgha
Makhleb
Nemelex Xobeh
Okawaru
Qazlal
Ru
Sif Muna
Trog
Uskayaw
Vehumet
Wu Jian
Xom
Yredelemnul
Zin
The Shining One
Lugonu

Annotations:
D:6 1 runed translucent door, Twiddyhohoho's ghost, novice TrWr
D:9 2 transporters, JaaP's ghost, novice MDFE
D:11 1 transporter


Innate Abilities, Weirdness & Mutations

You have a pair of horns on your head.
You reflexively headbutt those who attack you in melee.


Message History

You block the eight-headed hydra's attack.
The eight-headed hydra bites you!
* * * LOW HITPOINT WARNING * * *
The eight-headed hydra bites you.
* * * LOW HITPOINT WARNING * * *
The eight-headed hydra bites you but does no damage.
The eight-headed hydra bites you.
* * * LOW HITPOINT WARNING * * *
The eight-headed hydra bites you.
* * * LOW HITPOINT WARNING * * *
The eight-headed hydra bites you but does no damage.
The komodo dragon bites you!
* * * LOW HITPOINT WARNING * * *
The cane toad stings you.
* * * LOW HITPOINT WARNING * * *
You are poisoned.
The cane toad poisons you!
You feel very sick.
The komodo dragon attacks as it pursues you!
The komodo dragon bites you!
* * * LOW HITPOINT WARNING * * *
The cane toad barely misses you.
Okay, then.
As you read the scroll of teleportation, it crumbles to dust.
You feel strangely unstable.
You feel very sick.
You block the eight-headed hydra's attack. x2
The eight-headed hydra bites you.
* * * LOW HITPOINT WARNING * * *
The eight-headed hydra bites you.
* * * LOW HITPOINT WARNING * * *
The eight-headed hydra barely misses you.
The eight-headed hydra bites you.
* * * LOW HITPOINT WARNING * * *
The eight-headed hydra bites you!
* * * LOW HITPOINT WARNING * * *
The eight-headed hydra barely misses you.
The cane toad closely misses you. You furiously retaliate!
You headbutt the cane toad! The komodo dragon bites you!
You die...

...#..#
#............#.#
......#
#.#......>.....#
......#
#.##.......###.##
...#..#
#.##.##.###.#...#
......#
###.............#
......#
###.#.###.#.#.#
......#
#...........+..#
....###
#...........#..#
..#.#
#.@.####~...[.##
..#.##


#lDF# ##...#.# .....# ##k.~# #...#.# ##P.## .........(.# # ###.## .#.#...... .#
###..# /..######## ....## #. # ##.## ## ### You could see an eight-headed hydra,
a komodo dragon, a cane toad and a wyvern.

Vanquished Creatures
  A catoblepas (D:13)
  A centaur warrior (D:9)
  A boulder beetle (D:12)
  A two-headed ogre (Orc:1)
  An orc knight (Orc:1)
  2 deep elf pyromancers
  2 obsidian bats (Orc:1)
  2 ugly things
  2 cyclopes (D:13)
  A black mamba (Lair:1)
  A black mamba (shapeshifter) (D:13)
  Joseph (D:9)
  A gargoyle (D:12)
  2 cane toads (Lair:1)
  Jeremiah (D:8)
  A rime drake (D:13)
  2 kobold demonologists
  A komodo dragon (Lair:1)
  3 polar bears (D:13)
  2 hornets
  4 trolls
  Prince Ribbit (D:9)
  Grinder (D:4)
  9 blink frogs (Lair:1)
  A shadow (D:10)
  A water elemental (D:13)
  3 wraiths
  A warg (D:9)
  A basilisk (Lair:1)
  43 yaks
  2 steam dragons (D:9)
  5 vampire mosquitoes (D:12)
  4 acid dragons (D:11)
  7 water moccasins
  A sky beast (D:7)
  4 black bears
  5 orc warriors
  6 centaurs
  6 ogres
  A wolf (D:13)
  A phantom (D:6)
  4 kobold brigands
  10 bullfrogs
  A brain worm (Sewer)
  A gnoll sergeant (D:7)
  3 scorpions
  5 wights (D:9)
  5 killer bees (D:11)
  2 electric eels (Lair:1)
  2 howler monkeys (D:5)
  7 bombardier beetles
  6 hounds
  2 jellies
  14 orc priests
  3 sleepcaps
  2 gnoll boudas (D:7)
  7 iguanas
  17 orc wizards
  Terence (D:2)
  16 gnolls
  5 adders
  A river rat (Sewer)
  6 shadow imps
  3 dart slugs
  4 ribbon worms
  61 orcs
  9 ball pythons
  5 endoplasms
  7 giant cockroaches
  7 goblins
  6 hobgoblins
  6 jackals
  8 quokkas
  15 bats
  4 frilled lizards
  34 kobolds
  4 rats
429 creatures vanquished.

Vanquished Creatures (others)
  A water elemental (D:13)
1 creature vanquished.

Grand Total: 430 creatures vanquished

Notes
Turn   | Place    | Note
-------+----------+-------------------------------------------
     0 | D:1      | Herkes the Minotaur Fighter began the quest for the Orb.
     0 | D:1      | Reached XP level 1. HP: 19/19 MP: 0/0
   376 | D:1      | Reached XP level 2. HP: 27/27 MP: 1/1
   428 | D:1      | Reached skill level 4 in Fighting
   637 | D:1      | Reached XP level 3. HP: 33/33 MP: 2/2
  1500 | D:2      | Found a glowing silver altar of Zin.
  1500 | D:2      | Noticed Terence
  1506 | D:2      | Killed Terence
  1507 | D:2      | Reached XP level 4. HP: 34/41 MP: 3/3
  2076 | D:3      | Found a glowing golden altar of the Shining One.
  2155 | D:3      | Reached skill level 5 in Axes
  2155 | D:3      | Reached XP level 5. HP: 47/47 MP: 4/4
  2316 | D:3      | Found a broken altar of Ashenzari.
  2321 | D:3      | Saw a vision of the Shoals and the Spider Nest.
  2321 | D:3      | Noticed a wind drake
  2321 | D:3      | Noticed a merfolk
  2321 | D:3      | Noticed a tarantella
  2321 | D:3      | Noticed a sea snake
  2321 | D:3      | Noticed a sea snake
  2321 | D:3      | Noticed a wolf spider
  2321 | D:3      | Noticed a snapping turtle
  2321 | D:3      | Noticed a water nymph
  2321 | D:3      | Noticed a wolf spider
  2321 | D:3      | Noticed a wind drake
  2321 | D:3      | Noticed a cyclops
  2321 | D:3      | Noticed a wolf spider
  2321 | D:3      | Noticed a harpy
  2321 | D:3      | Noticed a redback
  2321 | D:3      | Noticed a manticore
  2321 | D:3      | Noticed a jumping spider
  2321 | D:3      | Noticed a merfolk impaler
  2321 | D:3      | Noticed a tarantella
  2321 | D:3      | Noticed a sea snake
  2321 | D:3      | Noticed a redback
  2322 | D:3      | Noticed a redback
  2322 | D:3      | Noticed a merfolk
  2322 | D:3      | Noticed a wind drake
  2323 | D:3      | Noticed a demonic crawler
  2323 | D:3      | Noticed a redback
  2324 | D:3      | Noticed a tarantella
  2336 | D:3      | Identified the +1 whip "Jejyn" {holy, Str+2}
  2555 | D:4      | Reached skill level 5 in Fighting
  2565 | D:4      | Reached XP level 6. HP: 39/56 MP: 5/5
  2690 | D:4      | Reached skill level 5 in Armour
  2939 | D:4      | Found a hazy altar of Hepliaklqana.
  3035 | D:4      | Found a basalt altar of Yredelemnul.
  3044 | D:4      | Found an iron altar of Okawaru.
  3159 | D:4      | Reached XP level 7. HP: 28/62 MP: 6/6
  3418 | D:4      | Noticed Grinder
  3428 | D:4      | Paralysed by Grinder for 5 turns
  3435 | D:4      | Killed Grinder
  3436 | D:4      | Reached skill level 6 in Fighting
  3695 | D:5      | Entered Level 5 of the Dungeon
  3729 | D:5      | Found a staircase to the Ecumenical Temple.
  3752 | Temple   | Entered the Ecumenical Temple
  3766 | Temple   | Became a worshipper of Lugonu the Unformed
  3995 | D:5      | Found a glowing drain.
  4009 | D:5      | Reached XP level 8. HP: 62/71 MP: 7/7
  4021 | Sewer    | Entered a sewer
  4344 | Sewer    | Reached * piety under Lugonu
  4775 | D:5      | Reached skill level 7 in Fighting
  5276 | D:5      | Found a hide-covered altar of Uskayaw.
  5438 | D:5      | Found a shimmering blue altar of Sif Muna.
  5458 | D:5      | Reached skill level 10 in Axes
  5646 | D:6      | Reached ** piety under Lugonu
  5719 | D:6      | Reached skill level 8 in Fighting
  5719 | D:6      | Reached XP level 9. HP: 53/81 MP: 8/8
  5990 | D:6      | Found a runed translucent door.
  5992 | D:6      | Found a shimmering altar of Xom.
  5992 | D:6      | Noticed Twiddyhohoho's ghost (novice TrWr)
  5993 | D:6      | Noticed a +1 long sword of chaos
  6103 | D:6      | Identified the +10 trident "Suji" {pain, MP+9 Str+4 Dex+2}
  6373 | D:6      | Found an ornate altar of the Wu Jian Council.
  6657 | D:7      | Reached skill level 1 in Invocations
  6846 | D:7      | Reached skill level 9 in Fighting
  6910 | D:7      | Reached *** piety under Lugonu
  7390 | D:8      | Noticed Jeremiah
  7415 | D:8      | Reached skill level 10 in Fighting
  8221 | D:8      | Killed Jeremiah
  8222 | D:8      | Reached skill level 5 in Invocations
  8222 | D:8      | Reached XP level 10. HP: 27/94 MP: 12/12
  8680 | D:8      | Found a staircase to the Lair.
  8848 | D:8      | Identified the +0 rapier of Fimbulwinter {heavy, rF++}
  9165 | D:9      | Found a radiant altar of Vehumet.
  9166 | D:9      | Found a white marble altar of Elyvilon.
  9167 | D:9      | Found a bloodstained altar of Trog.
  9167 | D:9      | Found a blossoming altar of Fedhas.
  9219 | D:9      | Found a snail-covered altar of Cheibriados.
  9229 | D:9      | Paralysed by a hornet for 1 turns
  9231 | D:9      | Reached skill level 11 in Fighting
  9326 | D:9      | Noticed a centaur warrior
  9326 | D:9      | Noticed a white ugly thing
  9336 | D:9      | Killed a white ugly thing
  9338 | D:9      | Killed a centaur warrior
  9339 | D:9      | Reached skill level 12 in Fighting
  9504 | D:9      | Found a stormy altar of Qazlal.
  9633 | D:9      | Reached **** piety under Lugonu
  9639 | D:9      | Reached skill level 13 in Fighting
  9694 | D:9      | Noticed Prince Ribbit
 10140 | D:9      | Reached skill level 14 in Fighting
 10200 | D:9      | Killed Prince Ribbit
 10203 | D:9      | Found a staircase to the Orcish Mines.
 10248 | D:9      | You fall into a shaft and drop 2 floors!
 10257 | D:10     | Entered Level 10 of the Dungeon
 10262 | D:10     | Reached XP level 11. HP: 111/111 MP: 14/14
 10322 | D:10     | Reached ***** piety under Lugonu
 10419 | D:10     | Found a sacrificial altar of Ru.
 10613 | D:10     | Reached skill level 15 in Fighting
 10803 | D:9      | Noticed Joseph
 10808 | D:9      | Killed Joseph
 10946 | D:9      | Noticed a boulder beetle
 10953 | D:9      | Noticed a harpy
 10955 | D:9      | Found a transporter.
 10955 | D:9      | Noticed JaaP's ghost (novice MDFE)
 10958 | D:9      | Found a transporter.
 10986 | D:9      | Noticed a swamp dragon
 11010 | D:9      | a swamp dragon changed into an ogre
 11171 | Orc:1    | Entered Level 1 of the Orcish Mines
 11171 | Orc:1    | Noticed an obsidian bat
 11182 | Orc:1    | Killed an obsidian bat
 11186 | D:9      | HP: 4/114 [ogre/+0 giant club (29)]
 11831 | Orc:1    | Noticed a two-headed ogre
 11839 | Orc:1    | Killed a two-headed ogre
 11840 | Orc:1    | Reached skill level 16 in Fighting
 11940 | Orc:2    | Entered Level 2 of the Orcish Mines
 11969 | Orc:2    | Noticed an orc knight
 11978 | Orc:1    | Noticed an obsidian bat
 11981 | Orc:1    | Noticed an ettin
 11985 | Orc:1    | Killed an obsidian bat
 12340 | Orc:1    | Killed an orc knight
 13006 | D:11     | Found a transporter.
 13006 | D:11     | Found a transporter.
 13065 | D:11     | Reached skill level 17 in Fighting
 13728 | D:11     | Reached skill level 18 in Fighting
 14122 | D:11     | Reached XP level 12. HP: 65/127 MP: 15/15
 15029 | D:12     | Noticed a boulder beetle
 15064 | D:12     | Killed a boulder beetle
 15476 | D:12     | Reached skill level 19 in Fighting
 16293 | D:13     | Noticed a catoblepas
 16301 | D:13     | Killed a catoblepas
 16311 | D:13     | Found a frozen archway.
 16334 | D:13     | Reached skill level 20 in Fighting
 16936 | D:13     | Noticed a four-headed hydra
 17208 | Lair:1   | Entered Level 1 of the Lair of Beasts
 17615 | Lair:1   | Reached skill level 21 in Fighting
 18072 | Lair:1   | Reached XP level 13. HP: 50/143 MP: 16/16
 18804 | Lair:1   | HP: 3/145 [eight-headed hydra (12)]
 18804 | Lair:1   | Mangled by a komodo dragon

Illustrated notes

Levels and vault maps discovered:
D:1:      lightli_molten_gateway, layout_loops_corners,
          chequers_serial_rivers_small_b
D:2:      layout_basic, basic_altar, wad_orctagon, uniq_terence
D:3:      layout_loops_corners, nicolae_tso_carved_into_rock,
          grunt_ashenzari_visionary [grunt_ashenzari_visionary_shoals,
          grunt_ashenzari_visionary_spider]
D:4:      layout_loops_ring, kennysheep_mini_moat, marbit_many_paths,
          okawaru_metal_pillars_1_2, uniq_grinder
D:5:      minmay_thinvault, layout_basic, general_overflow_altar,
          kennysheep_mini, minmay_temple_entry_nine_rooms,
          cheibrodos_sewer_entry_drain, minmay_starry_boxes
D:6:      layout_cave_pools, kennysheep_little_box, ebering_ghost_xom,
          minmay_between
D:7:      hellmonk_crumbling_castle, layout_loops_ring, hangedman_decor_opposing
D:8:      layout_loops_cross, due_lair_maze_entry_diamond, uniq_jeremiah
D:9:      layout_roguey, slow_altar_1, grunt_qazlal_clouds,
          chequers_temple_overflow_statue_of_worship, hiddenorc1_lemuel,
          gammafunk_ghost_arena, minivault_20, uniq_joseph, uniq_prince_ribbit1
D:10:     layout_irregular_city, mainiacjoe_overflow_24_doors
D:11:     layout_stronghold, nicolae_diode_stairs
D:12:     layout_stronghold, lemuel_nasty_fountain
D:13:     layout_basic, portal_ice_cave_entry_animals_and_master
Temple:   corrupted_temple
Lair:1:   layout_gridlike, hangedman_lair_generics_rect, serial_bayou_shore_a,
          infiniplex_staircase_pool_2
Orc:1:    layout_caves
Orc:2:    st_orc_pillars, layout_caves

Skill      XL: |  1  2  3  4  5  6  7  8  9 10 11 12 |
---------------+-------------------------------------+-----
Axes           | 3 4 5 6 7 8 10 | 10.7
Fighting       | 4 5 6 8 10 14 18 21 | 21.7
Armour         | 4 5 6 7 8 |  8.0
Shields        | 4 |  4.0
Invocations    | 5 6 |  6.0

Action                     |  1- 3 |  4- 6 |  7- 9 | 10-12 | 13-15 || total
---------------------------+-------+-------+-------+-------+-------++-------
  Melee: War axe           |    84 |    89 |   281 |       |       ||   454
         Headbutt          |    14 |    16 |    64 |   104 |     6 ||   204
         Trident           |       |       |   151 |   629 |    34 ||   814
  Throw: Dart              |       |       |     1 |       |       ||     1
    Use: Scroll            |       |       |    14 |     5 |     1 ||    20
         Potion            |       |       |     1 |       |       ||     1
 Armour: Scale mail        |    24 |       |       |       |       ||    24
         Plate armour      |    36 |    79 |   391 |   117 |       ||   623
         Chain mail        |       |       |       |   362 |    49 ||   411
  Dodge: Dodged            |    33 |    14 |    98 |   159 |    15 ||   319
  Block: Buckler           |    22 |    17 |   112 |   260 |    18 ||   429
         Reflection        |       |       |       |    21 |       ||    21

Table legend: (Time is in decaauts)
 A = Elapsed time spent in this place.
 B = Non-inter-level travel time spent in this place.
 C = Inter-level travel time spent in this place.
 D = Time resting spent in this place.
 E = Time spent auto-exploring this place.
 F = Levels seen in this place.
 G = Mean time per level.
                   A        B        C        D        E       F      G
               +--------+--------+--------+--------+--------+-----+--------+
         Total |  19090 |  18372 |    718 |   2729 |  12743 |  18 | 1060.6 |
       Dungeon |  15995 |  15318 |    677 |   2207 |  10891 |  13 | 1230.4 |
        Temple |     29 |     16 |     13 |      0 |      0 |   1 |   29.0 |
          Lair |   1319 |   1319 |      0 |      0 |   1119 |   1 | 1319.0 |
  Orcish Mines |    899 |    871 |     28 |    522 |    209 |   2 |  449.5 |
         Sewer |    847 |    847 |      0 |      0 |    524 |   1 |  847.0 |
               +--------+--------+--------+--------+--------+-----+--------+

Top non-repeatable levels by time:
     D:7: 1900 daAuts
     D:8: 1771 daAuts
    D:12: 1673 daAuts
    D:11: 1652 daAuts
     D:5: 1522 daAuts
     D:9: 1378 daAuts
  Lair:1: 1319 daAuts
     D:4: 1199 daAuts
    D:10: 924 daAuts
     D:1: 901 daAuts
   Sewer: 847 daAuts
     D:3: 844 daAuts
    D:13: 808 daAuts
     D:2: 805 daAuts
   Orc:1: 786 daAuts
